 Dungeon Crawl Stone Soup version 0.24-a0-201-gf205589 (webtiles) character file.

Game seed: 0

1052 snowfan the Tainter (level 8, -10/41 HPs)
             Began as a Deep Elf Venom Mage on Mar 3, 2019.
             Was a Follower of Vehumet.
             Mangled by an orc warrior
             ... wielding a +0 war axe
              (24 damage)
             ... on level 6 of the Dungeon on Mar 21, 2019.
             The game lasted 00:26:11 (6948 turns).

snowfan the Tainter (Deep Elf Venom Mage)           Turns: 6948, Time: 00:26:11

Health: -10/41     AC:  2    Str:  5    XL:     8   Next: 5%
Magic:  11/25      EV: 13    Int: 23    God:    Vehumet [*.....]
Gold:   174        SH:  0    Dex: 15    Spells: 4/15 levels left

rFire    . . .     SeeInvis +   n - +2 scythe (venom)
rCold    . . .     Gourm    .   (shield currently unavailable)
rNeg     . . .     Faith    .   o - +0 robe
rPois    .         Spirit   .   (no helmet)
rElec    .         Reflect  .   (no cloak)
rCorr    .         Harm     +   (no gloves)
MR       .....                  (no boots)
Stlth    ++........             x - amulet of harm
HPRegen  0.13/turn              s - ring of magical power
MPRegen  0.19/turn              u - ring of see invisible

@: no status effects
A: no striking features
a: Renounce Religion


You were on level 6 of the Dungeon.
You worshipped Vehumet.
Vehumet was aware of your devotion.
You were hungry.

You visited 2 branches of the dungeon, and saw 7 of its levels.

You collected 295 gold pieces.
You spent 121 gold pieces at shops.

Inventory:

Hand Weapons
 b - a +0 dagger
 n - a +2 scythe of venom (weapon)
 w - a cursed -1 hunting sling
Missiles
 d - 131 stones (quivered)
Armour
 o - a +0 robe (worn)
 z - a +0 buckler
Jewellery
 s - a ring of magical power (left hand)
 u - a ring of see invisible (right hand)
 x - an amulet of harm (around neck)
Scrolls
 g - 2 scrolls of amnesia {unknown}
 i - 4 scrolls of teleportation {unknown}
 l - 2 scrolls of fear {unknown}
 m - 3 scrolls of magic mapping {unknown}
 p - 7 scrolls of identify {unknown}
 q - 4 scrolls of fog {unknown}
 r - 4 scrolls of remove curse {unknown}
 t - 2 scrolls of enchant armour {unknown}
 y - 2 scrolls of enchant weapon {unknown}
Potions
 a - 2 potions of curing
 e - a potion of flight {unknown}
 f - a potion of brilliance {unknown}
 h - 4 potions of haste {unknown}
 j - 3 potions of agility
 k - 5 potions of heal wounds
 v - 3 potions of lignification
Comestibles
 c - 6 rations
 A - a chunk of flesh


   Skills:
 - Level 2.4 Dodging
 - Level 2.4 Stealth
 - Level 4.3 Spellcasting
 + Level 5.0 Conjurations
 + Level 9.2 Poison Magic


You had 4 spell levels left.
You knew the following spells:

 Your Spells              Type           Power        Failure   Level  Hunger
a - Sting                 Conj/Pois      ####         1%          1    None
c - Mephitic Cloud        Conj/Pois/Air  ####....     4%          3    ##.....
q - Olgreb's Toxic Radia  Pois           #####...     2%          4    ####...
s - Magic Dart            Conj           ####         1%          1    None
v - Poisonous Vapours     Pois/Air       ####..       2%          2    None

Your spell library contained the following spells:

 Spells                   Type           Power        Failure   Level  Hunger
 Venom Bolt               Conj/Pois      #####.....   16%         5    #####..


Dungeon Overview and Level Annotations

Branches:
Dungeon (6/15)             Temple (1/1) D:4

Altars:
Hepliaklqana
Makhleb
Qazlal
Ru
Sif Muna
Trog
Uskayaw
Vehumet
Xom
The Shining One

Shops:
D:5 }!=}


Message History

You see here 21 sling bullets.
Casting: Olgreb's Toxic Radiance (safe; 2% risk of failure)
Confirm with . or Enter, or press ? or * to list all spells.
Aiming: Mephitic Cloud (safe; 4% risk of failure)
Press: ? - help, Shift-Dir - straight line, p - orc warrior The ball explodes into a vile cloud!
The stinking cloud engulfs the orc warrior but does no damage.
The orc warrior is severely wounded.
The orc warrior is engulfed in noxious fumes.
The orc warrior hits you with a +0 war axe!
You are too injured to fight recklessly!
Unknown command.
You are too injured to fight recklessly!
You are too injured to fight recklessly!
You barely miss the orc warrior.
The orc warrior is severely wounded.
The orc warrior is engulfed in noxious fumes.
The orc warrior hits you with a +0 war axe!!
Ouch! That really hurt!
You die...

'................#####....#####
#.....######..)<..............###
.................................
###.############...............##
#.# #..........##......<..# ###.#
#..........###........# ....#
#...○☼○.....##........#
##############°○.....###..####.#
)$..........(..o@....# #..# #.#
#########....#.......# #..####.#
#....####....# #.......# #....#
#....# #.......## ###### #....#
#......... ####.# #....##÷## #.#
#....##... #.# #....##...
#.###....##...


You could see an orc warrior.

Vanquished Creatures
  Sigmund (D:2)
  An ogre (D:5)
  2 centaurs
  A jelly (D:5)
  A crimson imp (D:6)
  3 orc priests
  3 hounds
  An orc wizard (D:3)
  A bullfrog skeleton (D:4)
  2 iguanas (D:5)
  2 worker ants (D:4)
  Terence (D:2)
  A hound skeleton (D:4)
  5 gnolls
  2 adders
  A shadow imp (D:5)
  2 oozes
  An adder skeleton (D:5)
  5 worms
  4 dart slugs
  7 leopard geckos
  11 orcs
  2 ball pythons (D:4)
  8 bats
  4 giant cockroaches (D:3)
  7 goblins
  9 hobgoblins
  8 jackals
  6 kobolds
  A quokka (D:3)
  5 frilled lizards
  8 rats
116 creatures vanquished.

Notes
Turn   | Place    | Note
-------+----------+-------------------------------------------
     0 | D:1      | snowfan the Deep Elf Venom Mage began the quest for the
                  | Orb.
     0 | D:1      | Reached XP level 1. HP: 10/10 MP: 6/6
   661 | D:1      | Reached XP level 2. HP: 11/15 MP: 2/8
   695 | D:1      | Reached skill level 4 in Poison Magic
  1211 | D:1      | Reached XP level 3. HP: 19/19 MP: 2/9
  1624 | D:2      | Found a faded altar of an unknown god.
  1664 | D:2      | Learned a level 2 spell: Poisonous Vapours
  1668 | D:2      | Learned a level 3 spell: Mephitic Cloud
  1737 | D:2      | Reached skill level 5 in Poison Magic
  2017 | D:2      | Noticed Sigmund
  2036 | D:2      | Killed Sigmund
  2036 | D:2      | Reached skill level 6 in Poison Magic
  2036 | D:2      | Reached XP level 4. HP: 19/24 MP: 4/10
  2036 | D:2      | Reached XP level 5. HP: 23/28 MP: 4/11
  2097 | D:2      | Noticed Terence
  2120 | D:2      | Killed Terence
  2120 | D:2      | Reached skill level 7 in Poison Magic
  2570 | D:2      | Found a glowing golden altar of the Shining One.
  2662 | D:3      | Learned a level 4 spell: Olgreb's Toxic Radiance
  2904 | D:3      | Reached XP level 6. HP: 25/32 MP: 4/13
  3044 | D:3      | Found a deep blue altar of Sif Muna.
  3357 | D:3      | Upgraded the game from 0.24-a0-139-geb6712d to
                  | 0.24-a0-201-gf205589
  4361 | D:4      | Found a staircase to the Ecumenical Temple.
  4372 | Temple   | Entered the Ecumenical Temple
  4382 | Temple   | Became a worshipper of Vehumet
  5356 | D:4      | Reached skill level 8 in Poison Magic
  5363 | D:5      | Entered Level 5 of the Dungeon
  5368 | D:5      | Reached XP level 7. HP: 26/36 MP: 15/15
  5391 | D:5      | Found Kygit's Gadget Boutique.
  5519 | D:5      | Found Ahadotz's Distillery.
  5527 | D:5      | Found Xiwniddau's Gadget Shoppe.
  5528 | D:5      | Bought a potion of curing for 33 gold pieces
  5528 | D:5      | Bought a potion of lignification for 33 gold pieces
  5528 | D:5      | Bought a potion of heal wounds for 55 gold pieces
  5587 | D:5      | Found Buuneq's Jewellery Shop.
  6334 | D:6      | Reached * piety under Vehumet
  6334 | D:6      | Offered knowledge of Magic Dart by Vehumet.
  6334 | D:6      | Reached skill level 9 in Poison Magic
  6745 | D:6      | Reached XP level 8. HP: 41/41 MP: 16/16
  6797 | D:6      | Reached skill level 5 in Conjurations
  6924 | D:6      | Learned a level 1 spell: Magic Dart
  6948 | D:6      | Mangled by an orc warrior

Levels and vault maps discovered:
D:1:      wheals_arrival_shading, layout_loops_corners
D:2:      layout_loops_ring, tso_altar, chequers_ecumenical_altar_simple_redux,
          uniq_sigmund, uniq_terence
D:3:      minmay_octagon_keep, layout_basic, led_sif_pool
D:4:      layout_loops_cross, minmay_temple_entry_gardened_gates
D:5:      layout_gridville, first_ration, serial_shops, shop,
          nicolae_shop_trees, nicolae_shop_trees, nicolae_shop_window_shopping
D:6:      layout_basic, grunt_decor_cap, uniq_crazy_yiuf_cottage
Temple:   eino_temple_scatter_basement

Skill      XL: |  1  2  3  4  5  6  7  8 |
---------------+-------------------------+-----
Poison Magic   | 4 6 7 8 9 |  9.2
Spellcasting   | 4 |  4.3
Conjurations   | 2 4 5 |  5.0
Dodging        | |  2.4
Stealth        | |  2.4

Action                   |  1- 3 |  4- 6 |  7- 9 || total
-------------------------+-------+-------+-------++-------
Melee: Unarmed           |     4 |       |       ||     4
       Dagger            |    11 |       |       ||    11
       Scythe            |       |    56 |    26 ||    82
 Cast: Sting             |    72 |    24 |    33 ||   129
       Poisonous Vapours |    11 |    24 |     3 ||    38
       Olgreb's Toxic Ra |       |    14 |    10 ||    24
       Mephitic Cloud    |       |       |     4 ||     4
       Magic Dart        |       |       |     8 ||     8
 Stab: Sleeping          |       |     2 |       ||     2
  Eat: Chunk             |     3 |    13 |     7 ||    23
Armor: Robe              |     2 |    17 |     2 ||    21
Dodge: Dodged            |    36 |    72 |    14 ||   122

Table legend:
 A = Non-vault XP
 B = Vault XP
 C = Vault XP percentage of total XP
 D = Non-vault monster count
 E = Vault monster count
 F = Vault count percentage of total count
                 A         B        C        D         E       F
            +---------+---------+-------+---------+---------+-------
      Total |    1227 |     277 |  18.4 |     101 |      15 |  12.9
            +---------+---------+-------+---------+---------+-------
        D:1 |      46 |       0 |   0.0 |      26 |       0 |   0.0
        D:2 |      37 |     241 |  86.7 |       9 |       2 |  18.2
        D:3 |     163 |      36 |  18.1 |      19 |      13 |  40.6
        D:4 |     200 |       0 |   0.0 |      15 |       0 |   0.0
        D:5 |     560 |       0 |   0.0 |      24 |       0 |   0.0
        D:6 |     221 |       0 |   0.0 |       8 |       0 |   0.0
            +---------+---------+-------+---------+---------+-------
